 Dungeon Crawl Stone Soup version 0.25.1-2-g60ff931df9 (webtiles) character file.

Game seed: 1773006225354654435

39 DerDa the Digger (level 3, -3/24 HPs)
             Began as a Formicid Earth Elementalist on Aug 16, 2020.
             Slain by Sigmund
             ... wielding a +4 vorpal scythe
              (6 damage)
             ... on level 2 of the Dungeon.
             The game lasted 00:04:18 (1927 turns).

DerDa the Digger (Formicid Earth Elementalist)      Turns: 1927, Time: 00:04:18

Health: -3/24      AC:  2    Str: 12    XL:     3   Next: 70%
Magic:  5/7        EV: 12    Int: 15    God:
Gold:   35         SH:  0    Dex: 11    Spells: 2/8 levels left

rFire    . . .     SeeInvis +   e - +0 club
rCold    . . .     Gourm    .   (no shield)
rNeg     . . .     Faith    .   c - +0 robe
rPois    .         Spirit   .   (helmet unavailable)
rElec    .         Reflect  .   (no cloak)
rCorr    .         Harm     .   (no gloves)
MR       .....                  (no boots)
Stlth    ++........             (no amulet)
HPRegen  0.08/turn              (no ring)
MPRegen  0.10/turn              (no ring)

@: no status effects
A: permanent stasis, dig shafts and tunnels, four strong arms, antennae 3
a: Dig, Shaft Self


You were on level 2 of the Dungeon.
You were very hungry.

You visited 1 branch of the dungeon, and saw 2 of its levels.

You collected 35 gold pieces.

Inventory:

Hand Weapons
 e - a +0 club (weapon)
Missiles
 b - 26 stones
 h - 5 datura-tipped darts
 j - 10 poisoned darts (quivered)
Armour
 c - a +0 robe (worn)
Scrolls
 g - 2 scrolls of identify {unknown}
 i - a scroll of teleportation {unknown}
Potions
 f - a potion of degeneration {unknown}
Comestibles
 d - 2 rations


   Skills:
 - Level 1.7 Dodging
 - Level 2.4 Stealth
 * Level 3.1 Spellcasting
 - Level 1.1 Transmutations
 * Level 4.5 Earth Magic


You had 2 spell levels left.
You knew the following spells:

 Your Spells              Type           Power        Failure   Level  Hunger
a - Sandblast             Erth           ###...       3%          1    #......
b - Stone Arrow           Conj/Erth      #.....       24%         3    ###....
w - Passwall              Tmut/Erth      ##......     10%         2    ##.....

Your spell library contained the following spells:

 Spells                   Type           Power        Failure   Level  Hunger
 Petrify                  Tmut/Erth      ##......     52%         4    #####..
 Lee's Rapid Deconstruct  Erth           ###.......   63%         5    ######.


Dungeon Overview and Level Annotations

Branches:
Dungeon (2/15)

Altars:
Fedhas

Annotations:
D:2 Sigmund


Innate Abilities, Weirdness & Mutations

You cannot be hasted, slowed, berserked, paralysed or teleported.
You can dig through walls and to a lower floor.
Your four strong arms can wield two-handed weapons with a shield.
You have a pair of large antennae on your head. (SInv)


Message History

Okay, then.
Casting: Sandblast (safe; 3% risk of failure)
Confirm with . or Enter, or press ? or * to list all spells.
Aiming: Sandblast (safe; 3% risk of failure)
Press: ? - help, Shift-Dir - straight line, f - Sigmund
Aim: Sigmund, wielding a +4 vorpal scythe and wearing a +0 leather armour (fast, strong, frenzied and insane)
The blast of sand misses Sigmund.
b - 27 stones Sigmund closely misses you.
Casting: Sandblast (safe; 3% risk of failure)
Confirm with . or Enter, or press ? or * to list all spells.
Aiming: Sandblast (safe; 3% risk of failure)
Press: ? - help, Shift-Dir - straight line, f/p - Sigmund
Aim: Sigmund, wielding a +4 vorpal scythe and wearing a +0 leather armour (fast, strong, frenzied and insane)
The blast of sand misses Sigmund.
b - 26 stones Sigmund hits you with a +4 vorpal scythe!!
Ouch! That really hurt!
* * * LOW HITPOINT WARNING * * *
You die...

.....##... S≈≈≈♣♣
........ ♣≈P≈≈#
@..... P(≈≈# #...#
#♣≈≈# #<# { #.(# #.#
#.## #.# #.# ..# #@#
### ##@#########
#....<......
♣♣..###♣P..#
≈♣≈♣♣P..# #
≈.≈..≈.≈...#
≈≈.≈P♣P♣#.## P≈P♣
♣♣♣...# ♣♣≈♣
♣♣..#..## #.#
#####♣P≈♣♣♣..........
#.#


You could see the neutral Sigmund (fast, strong, insane).

Vanquished Creatures
  An adder (D:2)
  A worm (D:2)
  A dart slug (D:1)
  2 bats (D:1)
  A giant cockroach (D:2)
  5 goblins (D:1)
  5 hobgoblins (D:1)
  4 kobolds
  4 rats (D:1)
24 creatures vanquished.

Vanquished Creatures (others)
  A plant (D:2)
1 creature vanquished.

Grand Total: 25 creatures vanquished

Notes
Turn   | Place    | Note
-------+----------+-------------------------------------------
     0 | D:1      | DerDa the Formicid Earth Elementalist began the quest for
                  | the Orb.
     0 | D:1      | Reached XP level 1. HP: 13/13 MP: 3/3
   359 | D:1      | Reached XP level 2. HP: 19/19 MP: 2/5
   366 | D:1      | Reached skill level 4 in Earth Magic
   374 | D:1      | Learned a level 2 spell: Passwall
  1213 | D:1      | Reached XP level 3. HP: 24/24 MP: 4/7
  1218 | D:1      | Learned a level 3 spell: Stone Arrow
  1308 | D:2      | Noticed Sigmund
  1678 | D:2      | Found a blossoming altar of Fedhas.
  1927 | D:2      | Slain by Sigmund

Illustrated notes

Levels and vault maps discovered:
D:1:      noname_arrival_rooms_in_the_neighbourhood, layout_basic,
          minmay_door_square
D:2:      layout_loops_ring, lemuel_zombie_altar_yredelemnul, serial_bayou,
          serial_bayou_lagoon_a, serial_bayou_pond_e, serial_bayou_crossing,
          serial_bayou_pond_e, serial_bayou_ford_a, serial_bayou_pond_d,
          fedhas_altar_4, uniq_sigmund

Skill      XL: |  1  2  3 |
---------------+----------+-----
Earth Magic    | 4 |  4.5
Spellcasting   | 3 |  3.1
Dodging        | |  1.7
Stealth        | |  2.4
Transmutations | |  1.1

Action                   || total
-------------------------++-------
Melee: Club              ||    48
       Unarmed           ||     2
Throw: Dart              ||     7
 Cast: Sandblast         ||    38
 Stab: Sleeping          ||     1
  Eat: Chunk             ||     2
Armor: Robe              ||    22
Dodge: Dodged            ||    65
